 Dungeon Crawl Stone Soup version 0.28.0-53-g5a82cb258f (webtiles) character file.

Game seed: 4250686692857512527

3005 MacFhionnlaigh the Cleaver (level 9, -5/79 HPs)
             Began as a Minotaur Fighter on July 6, 2022.
             Was a Follower of Okawaru.
             Slain by a hornet (11 damage)
             ... while paralysed by a hornet
             ... on level 8 of the Dungeon.
             The game lasted 01:20:43 (9250 turns).

MacFhionnlaigh the Cleaver (Minotaur Fighter)       Turns: 9250, Time: 01:20:43

Health: -5/79      AC: 16    Str: 24    XL:     9   Next: 54%
Magic:  8/8        EV:  2    Int:  5    God:    Okawaru [*.....]
Gold:   477        SH:  0    Dex: 11    Spells: 8/8 levels left

rFire   . . .      SeeInvis .   a - +1 war axe (vorpal)
rCold   . . .      Faith    +   (no shield)
rNeg    . . .      Spirit   .   F - +0 plate armour
rPois   .          Reflect  .   (helmet restricted)
rElec   .          Harm     .   (no cloak)
rCorr   .          Rampage  .   q - +2 pair of gloves
Will    .....                   (no boots)
Stlth   ..........              I - amulet of faith
HPRegen 0.23/turn               (no ring)
MPRegen 0.11/turn               (no ring)

@: paralysed, slowed
A: horns 2, retaliatory headbutt
a: Renounce Religion, Heroism


You were on level 8 of the Dungeon.
You worshipped Okawaru.
Okawaru was aware of your devotion.
You visited 2 branches of the dungeon, and saw 9 of its levels.
You also visited: Sewer.

You collected 492 gold pieces.
You spent 15 gold pieces at shops.

Inventory:

Hand Weapons
 a - a +1 vorpal war axe (weapon)
 b - a +0 shortbow
 w - a +0 mace
 x - a +1 short sword of electrocution
 G - a +0 hunting sling
 H - a +1 spear of freezing
Missiles
 f - 411 stones
 g - 28 poisoned darts (quivered)
 h - 18 boomerangs
 i - 203 arrows
 v - 55 sling bullets
Armour
 c - a +0 buckler
 e - a +0 scale mail
 q - a +2 pair of gloves (worn)
 F - a +0 plate armour (worn)
Jewellery
 D - a ring of wizardry
 I - an amulet of faith (around neck)
Wands
 y - a wand of iceblast (6)
Scrolls
 s - 5 scrolls of teleportation
 C - 2 scrolls of noise
Potions
 d - a potion of lignification
 j - 2 potions of invisibility
 k - a potion of heal wounds
 l - 3 potions of mutation
 m - 5 potions of might
 n - 8 potions of haste
 o - a potion of magic
 p - 3 potions of cancellation
 r - 4 potions of brilliance
 t - a potion of attraction
 u - a potion of curing
 z - a potion of flight
 A - 2 potions of resistance
 B - a potion of ambrosia {unknown}
 E - a potion of degeneration {unknown}


   Skills:
 + Level 7.0 Fighting
 + Level 10.5 Axes
 - Level 4.4(5.3) Slings
 * Level 3.2 Bows
 - Level 3.9(4.7) Throwing
 * Level 7.1 Armour
 + Level 2.0 Dodging
 + Level 1.0 Stealth
 - Level 3.6 Shields


You had 8 spell levels left.
You didn't know any spells.
Your spell library contained the following spells:

 Spells                   Type           Power      Damage    Failure   Level
 Corpse Rot               Necr/Air       0%         N/A       100%        2
 Poisonous Vapours        Pois/Air       0%         N/A       100%        2


Dungeon Overview and Level Annotations

Branches:
Dungeon (8/15)             Temple (1/1) D:6           Sewer (visited)
   Lair: D:8-11

Altars:
Ashenzari
Cheibriados
Dithmenos
Elyvilon
Fedhas
Gozag
Hepliaklqana
Kikubaaqudgha
Nemelex Xobeh
Okawaru
Ru
Sif Muna
Vehumet
Wu Jian
Xom
Yredelemnul
Zin
The Shining One

Shops:
D:3 (*   D:6 ?

Annotations:
D:5 2 runed translucent doors


Innate Abilities, Weirdness & Mutations

You have a pair of horns on your head.
You reflexively headbutt those who attack you in melee.


Message History

You feel yourself speed up.
You feel sick.
The hornet stings you but does no damage.
The hornet stings you.
* * * LOW HITPOINT WARNING * * *
You feel yourself slow down.
You feel better.
You feel yourself speed up. The hornet stings you.
* * * LOW HITPOINT WARNING * * *
You feel yourself slow down. The hornet stings you!
* * * LOW HITPOINT WARNING * * *
You feel as though you will be slow longer.
The hornet stings you!
* * * LOW HITPOINT WARNING * * *
You feel as though you will be slow longer.
You feel much better. The hornet stings you!
* * * LOW HITPOINT WARNING * * *
You feel as though you will be slow longer.
The hornet stings you but does no damage.
You barely miss the hornet.
The hornet is almost dead.
The hornet stings you.
* * * LOW HITPOINT WARNING * * *
You feel as though you will be slow longer.
The hornet stings you.
* * * LOW HITPOINT WARNING * * *
You feel as though you will be slow longer.
You closely miss the hornet. Your headbutt misses the hornet.
The hornet is almost dead.
The hornet barely misses you. x2
You hit the hornet but do no damage.
The hornet is almost dead.
The hornet stings you but does no damage. x2
The hornet stings you!
* * * LOW HITPOINT WARNING * * *
You suddenly lose the ability to move!
The hornet stings you but does no damage.
The hornet stings you!
You die...

...# #...^....#
#### #........# #
#........# #
#........#
#.......[#
#........#
#####.####
..#####.########.#
........((y@)....#
#.[####(########.#
.... #.....
#...... #.....o.
........o
#....y.oo..


You could see a hornet.

Vanquished Creatures
  Sigmund (D:2)
  A steam dragon (D:8)
  3 water moccasins
  An orc warrior (D:8)
  3 ice beasts
  A sky beast (D:7)
  A black bear (D:5)
  A hornet zombie (D:7)
  2 necrophages
  2 ogres
  A centaur (D:7)
  2 bullfrogs
  4 kobold brigands
  Blork the orc (D:6)
  A wyvern zombie (D:6)
  A water moccasin zombie (D:6)
  A bullfrog zombie (D:6)
  A hound (D:7)
  4 orc priests
  A gnoll shaman (D:7)
  An iguana (D:5)
  3 orc wizards
  A hound skeleton (D:5)
  A howler monkey zombie (D:6)
  5 adders
  14 gnolls
  A river rat (D:5)
  A shadow imp (D:6)
  2 white imps
  An ufetubus (D:3)
  A worm (D:3)
  A dart slug (D:3)
  51 orcs
  14 ball pythons
  6 bats
  8 endoplasms
  2 giant cockroaches
  3 goblins
  3 hobgoblins
  3 jackals (D:2)
  3 quokkas
  5 frilled lizards
  15 kobolds
  6 rats
184 creatures vanquished.

Vanquished Creatures (others)
  An orc wizard (D:8)
  A fungus (D:1)
  3 plants
5 creatures vanquished.

Grand Total: 189 creatures vanquished

Notes
Turn   | Place    | Note
-------+----------+-------------------------------------------
     0 | D:1      | MacFhionnlaigh the Minotaur Fighter began the quest for the
                  | Orb.
     0 | D:1      | Reached XP level 1. HP: 19/19 MP: 0/0
    76 | D:1      | Reached skill level 3 in Axes
    76 | D:1      | Reached XP level 2. HP: 18/27 MP: 1/1
   465 | D:1      | Found a faded altar of an unknown god.
   832 | D:2      | Noticed Sigmund
   832 | D:2      | Found a hazy altar of Hepliaklqana.
   993 | D:2      | Reached XP level 3. HP: 25/34 MP: 2/2
  1200 | D:2      | Killed Sigmund
  1201 | D:2      | Reached skill level 5 in Axes
  1201 | D:2      | Reached skill level 1 in Throwing
  1201 | D:2      | Reached XP level 4. HP: 19/41 MP: 3/3
  1201 | D:2      | Reached XP level 5. HP: 22/47 MP: 4/4
  1487 | D:2      | Reached skill level 5 in Fighting
  2113 | D:3      | Reached XP level 6. HP: 47/56 MP: 5/5
  2337 | D:3      | Reached skill level 6 in Axes
  2655 | D:3      | Identified the +1 robe "Tazuzu" {Will++}
  2761 | D:3      | Found Pikluos's Weapon Boutique.
  2796 | D:3      | Found Zajiuwonk's General Store.
  3035 | D:3      | Found a sparkling altar of Nemelex Xobeh.
  3291 | D:4      | Reached skill level 1 in Slings
  3618 | D:4      | Found a sacrificial altar of Ru.
  4053 | D:5      | Entered Level 5 of the Dungeon
  4181 | D:5      | Reached XP level 7. HP: 58/61 MP: 6/6
  4270 | D:5      | Reached skill level 7 in Axes
  4653 | D:5      | Found a glowing drain.
  4673 | Sewer    | Entered a sewer
  4761 | Sewer    | Reached skill level 8 in Axes
  4803 | Sewer    | Reached skill level 1 in Dodging
  4803 | Sewer    | Reached XP level 8. HP: 49/64 MP: 7/7
  5455 | D:5      | Found a large runed translucent door.
  5455 | D:5      | Found a large runed translucent door.
  5933 | D:6      | Noticed Blork the orc
  5950 | D:6      | Killed Blork the orc
  5951 | D:6      | Reached skill level 9 in Axes
  6184 | D:6      | Reached skill level 5 in Armour
  6525 | D:6      | Found Cuunirar's Magic Scroll Emporium.
  6538 | D:6      | Bought a scroll of noise for 15 gold pieces
  6736 | D:6      | Found a staircase to the Ecumenical Temple.
  6745 | Temple   | Entered the Ecumenical Temple
  6754 | Temple   | Became a worshipper of Warmaster Okawaru
  6809 | D:6      | Found a radiant altar of Vehumet.
  7155 | D:7      | Reached XP level 9. HP: 75/75 MP: 8/8
  7344 | D:7      | Reached skill level 10 in Axes
  7493 | D:7      | Found a glowing silver altar of Zin.
  8119 | D:7      | Reached skill level 1 in Bows
  8383 | D:8      | Reached skill level 1 in Stealth
  8585 | D:8      | Reached * piety under Okawaru
  9239 | D:8      | Paralysed by a hornet for 3 turns
  9244 | D:8      | HP: 3/79 [hornet (11)]
  9248 | D:8      | Paralysed by a hornet for 3 turns
  9250 | D:8      | Slain by a hornet

Illustrated notes

Levels and vault maps discovered:
D:1:      ncdulo_watergridlock, layout_basic, dreamdust_ecumenical_altar_grove,
          minivault_4
D:2:      layout_basic, basic_altar, uniq_sigmund
D:3:      layout_basic, nemelex_dance_club_becter, serial_shops,
          nicolae_square_shop, shop
D:4:      layout_cave_pools, overflow_temple_1_default, serial_co_window_serial,
          co_window_of_opportunity_a, co_window_paths_b, co_window_paths_b,
          co_window_corner_a, co_window_paths_b, co_window_cross_3,
          co_window_broadway_c, co_window_paths_c, co_window_of_opportunity_c,
          co_window_paths_c, co_window_unsneaky_path_e, co_window_paths_e
D:5:      layout_cave_pools, jmf_multi_god_temple2,
          cheibrodos_sewer_entry_sluice
D:6:      layout_rooms, nicolae_overflow_hidden_temple,
          minmay_temple_entry_poolview, serial_shops, shop,
          kennysheep_pointless_box, uniq_blork_the_orc
D:7:      layout_basic, zin_scriptorium
D:8:      layout_basic, special_room [special_room_orc]
Temple:   nicolae_temple_x_marks_the_god

Skill      XL: |  1  2  3  4  5  6  7  8  9 |
---------------+----------------------------+-----
Fighting       | 4 5 6 7 |  7.0
Axes           | 3 5 6 8 9 10 | 10.5
Throwing       | 1 2 3 |  3.9
Slings         | 3 4 |  4.4
Armour         | 4 5 7 |  7.1
Dodging        | 1 2 |  2.0
Bows           | 3 |  3.2
Stealth        | 1 |  1.0
Shields        | |  3.6

Action                   |  1- 3 |  4- 6 |  7- 9 || total
-------------------------+-------+-------+-------++-------
Melee: War axe           |    38 |   130 |   215 ||   383
       Headbutt          |     5 |    16 |    31 ||    52
       Punch             |       |       |     1 ||     1
 Fire: Hunting sling     |       |    32 |    35 ||    67
       Shortbow          |       |       |    37 ||    37
Throw: Stone             |     7 |       |       ||     7
       Dart              |    21 |    33 |    35 ||    89
       Boomerang         |       |     1 |       ||     1
Evoke: Wand              |       |       |     5 ||     5
  Use: Potion            |     1 |       |     3 ||     4
       Scroll            |       |    12 |    11 ||    23
Armor: Scale mail        |     6 |    47 |   102 ||   155
       Plate armour      |       |       |    17 ||    17
Dodge: Dodged            |    14 |    43 |   122 ||   179
Block: Buckler           |     9 |    34 |    25 ||    68
